 Dungeon Crawl Stone Soup version 0.31.0-11-ge490571c62 (webtiles) character file.

Game seed: 15502715849794290284

432 browni3141 the Chopper (level 6, -1/56 HPs)
             Began as a Minotaur Fighter on Jan 27, 2024.
             Slain by a two-headed ogre
             ... wielding a +0 dire flail
              (24 damage)
             ... on level 5 of the Dungeon.
             The game lasted 00:01:12 (1659 turns).

browni3141 the Chopper (Minotaur Fighter)           Turns: 1659, Time: 00:01:12

Health: -1/56      AC:  7    Str: 22    XL:     6   Next: 67%
Magic:  5/5        EV:  9    Int:  5    God:
Gold:   29         SH:  5    Dex: 10    Spells: 5/5 levels left

rFire   . . .        a - +0 war axe
rCold   . . .        c - +0 buckler
rNeg    . . .        b - +0 scale mail
rPois   .            (helmet restricted)
rElec   .            (no cloak)
rCorr   .            (no gloves)
SInv    .            (no boots)
Will    .....        (no amulet) Stlth
                     (no ring)
HPRegen 0.29/turn    (no ring)
MPRegen 0.09/turn

%: no passive effects
@: no status effects
A: horns 2, retaliatory headbutt
a: no special abilities


You were on level 5 of the Dungeon.
You visited 1 branch of the dungeon, and saw 5 of its levels.

You collected 101 gold pieces.
You spent 72 gold pieces at shops.

Inventory:

Hand Weapons
 a - a +0 war axe (weapon)
Missiles
 j - 10 boomerangs (quivered)
Armour
 b - a +0 scale mail (worn)
 c - a +0 buckler (worn)
Wands
 h - a wand of charming (9)
Scrolls
 f - 2 scrolls of teleportation
 g - 4 scrolls of identify
 k - a scroll of noise {unknown}
 n - a scroll of revelation {unknown}
Potions
 d - a potion of might
 e - a potion of curing
 i - a potion of haste
 l - a potion of degeneration {unknown}
 m - a potion of attraction {unknown}


   Skills:
 + Level 5.2 Fighting
 * Level 5.7 Axes
 + Level 5.1 Armour
 + Level 5.1 Shields


You had 5 spell levels left.
You didn't know any spells.
Your spell library contained the following spells:

 Spells                   Type           Power      Damage    Failure   Level
 Freeze                   Ice            0%         1d3       85%         1
 Ensorcelled Hibernation  Hex/Ice        0%         N/A       94%         2
 Frozen Ramparts          Ice            0%         1d1       99%         3
 Hailstorm                Conj/Ice       0%         3d5       99%         3
 Passwall                 Erth           0%         N/A       99%         3
 Stone Arrow              Conj/Erth      0%         3d7       99%         3
 Swiftness                Air            0%         N/A       99%         3
 Animate Armour           Summ/Erth      0%         N/A       100%        4
 Lehudib's Crystal Spear  Conj/Erth      0%         10d2      100%        8


Dungeon Overview and Level Annotations

Branches:
Dungeon (5/15)
 Temple: D:4-7

Altars:
Kikubaaqudgha
Sif Muna
Zin

Shops:
D:4 ?

Annotations:
D:4 exclusion: 2 doors


Innate Abilities, Weirdness & Mutations

You have a pair of horns on your head.
You reflexively headbutt those who attack you in melee.


Message History

Items here: $ ( )) ††.
You hit the orc.
The orc is moderately wounded.
The orc hits you but does no damage.
You slash the orc!
You kill the orc!
You now have 19 gold pieces (gained 13).
j - 10 boomerangs (gained 3)
Items here: )) ††.
You now have 29 gold pieces (gained 10).
Things that are here:
a +0 flail; an orc corpse A hobgoblin comes into view.
The hobgoblin shouts!
A hobgoblin is nearby!
A hobgoblin is nearby!
A hobgoblin is nearby!
The hobgoblin closely misses you. You furiously retaliate!
You headbutt the hobgoblin, but do no damage.
You barely miss the hobgoblin. You headbutt the hobgoblin.
You kill the hobgoblin!
No target in view!
You see here a hobgoblin corpse.
No target in view!
No target in view!
There is a stone staircase leading up here.
m - a murky brown potion You see here an adder skeleton.
There is an open door, spattered with blood here.
Key pressed, stopping explore.
Things that are here:
a +0 club; a +0 club; a +0 leather armour
There is an open door here.
You open the door. You open the gate.
There is an open gate here.
Found a glowing silver altar of Zin.
There is an open gate here.
There is an open door here.
You see here a +0 club.
You enter the shallow water.
Moving in this stuff is going to be slow.
Key pressed, stopping explore.
You enter the shallow water.
Moving in this stuff is going to be slow.
Partly explored, can't reach some places.
Partly explored, can't reach some places.
No target in view!
No target in view!
Key pressed, stopping travel.
You can't go down here!
Partly explored, can't reach some places.
Partly explored, can't reach some places.
There is a stone staircase leading down here.
You climb downwards.
There is a stone staircase leading up here.
A sleepcap is nearby!
A sleepcap is nearby!
A sleepcap is nearby!
You hit the sleepcap.
The sleepcap is lightly damaged.
The sleepcap closely misses you.
You slash the sleepcap! You headbutt the sleepcap.
The sleepcap is severely damaged.
You block the sleepcap's attack.
You hit the sleepcap but do no damage.
The sleepcap is severely damaged.
The sleepcap closely misses you. You furiously retaliate!
You headbutt the sleepcap! You hit the sleepcap but do no damage.
You headbutt the sleepcap.
You destroy the sleepcap!
n - a scroll labelled XOETRE WAHIKOF A two-headed ogre comes into view.
It is wielding a +0 dire flail and a +0 giant club.
The two-headed ogre shouts in stereo!
A two-headed ogre is nearby!
A two-headed ogre is nearby!
A two-headed ogre is nearby!
You throw a boomerang.
The boomerang hits the two-headed ogre but does no damage.
You throw a boomerang.
The boomerang hits the two-headed ogre but does no damage.
You throw a boomerang. The boomerang hits the two-headed ogre.
The two-headed ogre is lightly wounded.
You throw a boomerang.
The boomerang hits the two-headed ogre but does no damage.
You block the two-headed ogre's attack.
The two-headed ogre hits you with a +0 giant club!!
You slash the two-headed ogre!
Your headbutt misses the two-headed ogre.
The two-headed ogre is moderately wounded.
You hit the two-headed ogre.
The two-headed ogre is moderately wounded.
You block the two-headed ogre's attack.
The two-headed ogre hits you but does no damage.
You hit the two-headed ogre.
Your headbutt misses the two-headed ogre.
The two-headed ogre is moderately wounded.
The two-headed ogre hits you with a +0 dire flail!
The two-headed ogre hits you with a +0 giant club!!
You die...

#.........#
#.........#
#.........#
###.........#
............#
#.........#
#...O.....#
#@#####
#.....#
#####.....#
..........#
..........#
#####.....#
#.....#
#..####
####.#####


You could see a two-headed ogre.

Vanquished Creatures
  An ice beast (D:4)
  An ogre (D:4)
  A phantom (D:3)
  A bombardier beetle (D:3)
  A sleepcap (D:5)
  An orc wizard (D:4)
  5 adders
  A ribbon worm (D:2)
  12 orcs
  3 bats
  An endoplasm (D:2)
  2 giant cockroaches
  A hobgoblin (D:4)
  3 jackals (D:3)
  4 kobolds
  2 ball pythons
  2 frilled lizards
  4 goblins
46 creatures vanquished.

Notes
Turn   | Place    | Note
-------+----------+-------------------------------------------
     0 | D:1      | browni3141 the Minotaur Fighter began the quest for the
                  | Orb.
     0 | D:1      | Reached XP level 1. HP: 19/19 MP: 0/0
    86 | D:2      | Reached XP level 2. HP: 26/27 MP: 1/1
   169 | D:2      | Reached XP level 3. HP: 33/33 MP: 2/2
   278 | D:3      | Noticed a phantom
   294 | D:3      | Killed a phantom
   295 | D:3      | Reached XP level 4. HP: 31/41 MP: 3/3
   385 | D:3      | Reached XP level 5. HP: 47/47 MP: 4/4
   590 | D:4      | Noticed an ice beast
   602 | D:4      | Killed an ice beast
   603 | D:4      | Reached skill level 5 in Axes
   603 | D:4      | Reached XP level 6. HP: 31/55 MP: 5/5
   755 | D:4      | Found Jowean's Magic Scroll Emporium.
   772 | D:4      | Bought a scroll of identify for 24 gold pieces
   772 | D:4      | Bought a scroll of identify for 24 gold pieces
   772 | D:4      | Bought a scroll of identify for 24 gold pieces
   916 | D:4      | Found an ancient bone altar of Kikubaaqudgha.
  1084 | D:4      | Reached skill level 5 in Fighting
  1084 | D:4      | Reached skill level 5 in Armour
  1084 | D:4      | Reached skill level 5 in Shields
  1144 | D:4      | Found a shimmering blue altar of Sif Muna.
  1427 | D:4      | Found a glowing silver altar of Zin.
  1631 | D:5      | Entered Level 5 of the Dungeon
  1652 | D:5      | Noticed a two-headed ogre
  1659 | D:5      | Slain by a two-headed ogre

Illustrated notes

Levels and vault maps discovered:
D:1:      dpeg_arrival_fog, layout_basic
D:2:      layout_basic
D:3:      layout_loops_cross, okawaru_altar_gauntlet_db
D:4:      minmay_goblin_kobold_castle, layout_loops_corners,
          mainiacjoe_overflow_alcove_4, led_sif_pool,
          nicolae_overflow_hidden_temple, serial_shops,
          nicolae_shop_tiny_waterfront
D:5:      cheibrodos_quashed, layout_rooms, nemelex_xobeh_ov_fountains_minmay,
          minmay_temple_entry_glass, ebering_ghost_sewer_d

Skill      XL: |  1  2  3  4  5  6 |
---------------+-------------------+-----
Axes           | 3 4 5 |  5.7
Fighting       | 4 5 |  5.2
Shields        | 4 5 |  5.1
Armour         | 4 5 |  5.1

Action                     |  1- 3 |  4- 6 || total
---------------------------+-------+-------++-------
  Melee: War axe           |    61 |    73 ||   134
         Headbutt          |     4 |    11 ||    15
  Throw: Boomerang         |       |     4 ||     4
    Use: Scroll            |       |     3 ||     3
 Armour: Scale mail        |    59 |    59 ||   118
  Dodge: Dodged            |    44 |    29 ||    73
  Block: Buckler           |    18 |    16 ||    34
